AoeStats
← bellotodelnorte

Arabia

507356422Analyzed
4v4 RM · 13d ago on Sep 17, 2026· 20m 34s· 8 players
Game mode
Random Map
Map size
Large (8 player)
Population
200
Speed
Normal
Resources
Standard
Victory
Conquest
Starting age
Dark Age
Ending age
Imperial Age
RankedLock teamsTeams togetherTeam positionsShared explorationLock speedFull tech treeHidden civsTurbo modeCheats
Victory
Defeat
🇨🇴 Japanese · Colombia
1268
+13
🇬🇧 Persians · United Kingdom
1251
+14
🇮🇹 Poles · Italy
1228
+14
🇨🇭 Armenians · Switzerland
1207
+15
1290
-17
1237
-16
🇨🇱 Malay · Chile
1167
-13
🇦🇷 Tupi · Argentina
1092
-10
Player2
7:12 Loom
9:37 Feudal Age
10:39 Double-Bit Axe
13:37 Fletching
17:02 Town Watch
17:03 Horse Collar
22:31 Castle Age
ArianaVro
7:19 Loom
9:25 Feudal Age
10:00 Man-at-Arms
15:15 Horse Collar
18:43 Double-Bit Axe
19:42 Fletching
milopokerboy
6:28 Loom
8:47 Feudal Age
10:23 Double-Bit Axe
11:36 Horse Collar
21:19 Castle Age
19:31 Gold Mining
19:52 Scale Barding Armor
21:07 Bloodlines
Dr.Greenthumb
7:52 Loom
10:39 Feudal Age
15:38 Castle Age
14:22 Pikeman
15:11 Pikeman
15:28 Man-at-Arms
16:06 Gambesons
16:30 Horse Collar
17:27 Double-Bit Axe
17:42 Long Swordsman
20:15 Squires
21:13 Scale Mail Armor
bellotodelnorte
10:51 Feudal Age
12:27 Double-Bit Axe
12:48 Loom
☘[4:20]☘Rolando Mota dl Kmpo
6:41 Loom
9:30 Feudal Age
10:29 Double-Bit Axe
11:54 Horse Collar
13:16 Town Watch
☘[4:20]☘ Moneymaker
6:49 Loom
9:39 Feudal Age
10:21 Double-Bit Axe
☘ [4:20] ☘ Raperzinho11
2:19 Loom
11:54 Feudal Age
15:52 Castle Age
15:08 Double-Bit Axe
16:21 Fletching
Connection lost

Rejoining the realm…

Still unreachable

The connection could not be restored.

Session expired

The server has moved on; the page needs a fresh start.